 Seeded DCSS version 0.31-a0-521-gc7390f8997 (webtiles) character file.

Game seed: 17143295287354701534 (custom seed)

90 innerfire43 the Insei (level 4, 0/34 HPs)
             Began as a Gnoll Shapeshifter on Aug 10, 2023.
             Killed from afar by a white imp (10 damage)
             ... with a puff of frost
             ... on level 1 of the Dungeon.
             The game lasted 00:00:53 (1222 turns).

innerfire43 the Insei (Gnoll Shapeshifter)          Turns: 1222, Time: 00:00:53

Health: 0/34       AC:  2    Str: 14    XL:     4   Next: 56%
Magic:  4/5        EV: 13    Int:  8    God:
Gold:   86         SH:  0    Dex: 14    Spells: 5/5 levels left

rFire   . .          .
                       - Unarmed
rCold   . . .        (shield currently unavailable)
rNeg    . . .        a - +0 animal skin
rPois   .            (no helmet)
rElec   .            (no cloak)
rCorr   .            (no gloves)
SInv    .            (no boots)
Will    .....        (no amulet)
Stlth   +            (no ring)
HPRegen 0.25/turn    (no ring)
MPRegen 0.09/turn

%: no passive effects
@: flux-form, glowing
A: glow, contaminating, fangs 1, strong nose, distributed training
a: Begin Untransformation


You were on level 1 of the Dungeon.
You were something dangerously unstable.
You visited 1 branch of the dungeon, and saw 1 of its levels.

You collected 86 gold pieces.

Inventory:

Armour
 a - a +0 animal skin (worn)
Talismans
 c - a beast talisman
 d - a flux talisman (active)
Scrolls
 e - a scroll of teleportation {unknown}
 f - a scroll of torment {unknown}
 h - a scroll of blinking {unknown}
 i - a scroll of identify {unknown}
Potions
 b - a potion of lignification
 g - a potion of ambrosia {unknown}


   Skills:
 + Level 2.8 Fighting
 + Level 1.2 Short Blades
 + Level 1.2 Long Blades
 + Level 1.2 Axes
 + Level 1.2 Maces & Flails
 + Level 1.2 Polearms
 + Level 1.2 Staves
 + Level 1.2 Ranged Weapons
 + Level 1.2 Throwing
 + Level 1.2 Armour
 + Level 4.6 Dodging
 + Level 1.2 Stealth
 + Level 1.2 Shields
 + Level 6.6 Unarmed Combat
 + Level 1.2 Spellcasting
 + Level 1.0 Conjurations
 + Level 1.0 Hexes
 + Level 1.0 Summonings
 + Level 1.0 Necromancy
 + Level 1.0 Translocations
 + Level 1.0 Transmutations
 + Level 1.0 Fire Magic
 + Level 1.0 Ice Magic
 + Level 1.0 Air Magic
 + Level 1.0 Earth Magic
 + Level 1.0 Poison Magic
 + Level 1.3 Invocations
 + Level 1.2 Evocations
 + Level 6.5 Shapeshifting


You had 5 spell levels left.
You didn't know any spells.
Your spell library contained the following spells:

 Spells                   Type           Power      Damage    Failure   Level
 Cigotuvi's Dreadful Rot  Necr/Pois/Air  4%         N/A       36%         2
 Dispel Undead            Necr           2%         3d7       95%         4
 Death Channel            Necr           1%         N/A       100%        6


Dungeon Overview and Level Annotations

Branches:
Dungeon (1/15)

Altars:
Lugonu

Portals:
Abyss: D:1


Innate Abilities, Weirdness & Mutations

You are something dangerously unstable.
You glow with magical radiation, making you easy to see and hit.
Foes you strike become dangerously contaminated with magical radiation.
You are incapable of wielding weapons or throwing items.
You have very sharp teeth.
Your uncanny sense of smell can sniff out nearby items.
Your experience applies equally to all skills.


Message History

Your Conjurations skill increases to level 1!
Your Hexes skill increases to level 1!
Your Summonings skill increases to level 1!
Your Necromancy skill increases to level 1!
Your Translocations skill increases to level 1!
Your Transmutations skill increases to level 1!
Your Fire Magic skill increases to level 1!
Your Ice Magic skill increases to level 1!
Your Air Magic skill increases to level 1!
Your Earth Magic skill increases to level 1!
Your Poison Magic skill increases to level 1!
You have reached level 4!
You feel clever.
You hit the crimson imp.
The crimson imp begins to glow.
The crimson imp is lightly wounded.
The crimson imp misses you. The white imp hits you. The white imp freezes you.
Unknown command.
You hit the crimson imp.
The crimson imp glows dangerously bright.
Your bite misses the crimson imp.
The crimson imp is moderately wounded.
The crimson imp hits you but does no damage.
The white imp closely misses you.
You hit the crimson imp but do no damage.
The crimson imp shudders as magic cascades through it.
The crimson imp twists and deforms.
The crimson imp is severely wounded.
The white imp closely misses you. The crimson imp barely misses you.
You hit the crimson imp.
The crimson imp begins to glow.
The crimson imp is almost dead.
The crimson imp blinks!
The shadow imp laughs crazily.
The white imp gestures at you. The puff of frost hits you!
* * * LOW HITPOINT WARNING * * *
The crimson imp blinks!
You barely miss the white imp. Your bite misses the white imp.
The white imp gestures at you. The puff of frost hits you!
You die...

#################################
....................>............
######################..########.
#######################.# #.
.........55.55g5B.....#.# #.
....#...#5g########...#.# #.
###...##..## ....#...#.# #.
.#...#...#####....#...#.# #.
........ยง8.#.#.b..#...#.# #.
##.##.....555b.r..#...#.# #.
...........5g55...#...#.# #.
.##......8.#.#g5..#.....# #.
#..#.....#####....#...#.# #.


You could see an iron imp, a white imp, 4 shadow imps and 2 hobgoblins.

Vanquished Creatures
  A crimson imp (D:1)
  A quasit (D:1)
  A ball python (D:1)
  An endoplasm (D:1)
  2 giant cockroaches (D:1)
  3 goblins (D:1)
  2 hobgoblins (D:1)
  3 quokkas (D:1)
  3 bats (D:1)
  A frilled lizard (D:1)
  4 kobolds (D:1)
  2 rats (D:1)
24 creatures vanquished.

Notes
Turn   | Place    | Note
-------+----------+-------------------------------------------
     0 | D:1      | innerfire43 the Gnoll Shapeshifter began the quest for the
                  | Orb.
     0 | D:1      | Reached XP level 1. HP: 17/17 MP: 1/1
   129 | D:1      | Found a large runed translucent door.
   129 | D:1      | Found a large runed translucent door.
   129 | D:1      | Found a one-way gate to the infinite horrors of the Abyss.
   130 | D:1      | Noticed a crimson imp
   131 | D:1      | Found a corrupted altar of Lugonu.
   131 | D:1      | Noticed an iron imp
   131 | D:1      | Noticed a crimson imp
   157 | D:1      | Noticed a quasit
   336 | D:1      | Reached XP level 2. HP: 23/23 MP: 2/2
   917 | D:1      | Reached XP level 3. HP: 22/28 MP: 3/3
  1210 | D:1      | Reached skill level 1 in Short Blades
  1210 | D:1      | Reached skill level 1 in Long Blades
  1210 | D:1      | Reached skill level 1 in Axes
  1210 | D:1      | Reached skill level 1 in Maces & Flails
  1210 | D:1      | Reached skill level 1 in Polearms
  1210 | D:1      | Reached skill level 1 in Staves
  1210 | D:1      | Reached skill level 1 in Ranged Weapons
  1210 | D:1      | Reached skill level 1 in Throwing
  1210 | D:1      | Reached skill level 1 in Armour
  1210 | D:1      | Reached skill level 1 in Stealth
  1210 | D:1      | Reached skill level 1 in Shields
  1210 | D:1      | Reached skill level 1 in Spellcasting
  1210 | D:1      | Reached skill level 1 in Invocations
  1210 | D:1      | Reached skill level 1 in Evocations
  1217 | D:1      | Reached skill level 1 in Conjurations
  1217 | D:1      | Reached skill level 1 in Hexes
  1217 | D:1      | Reached skill level 1 in Summonings
  1217 | D:1      | Reached skill level 1 in Necromancy
  1217 | D:1      | Reached skill level 1 in Translocations
  1217 | D:1      | Reached skill level 1 in Transmutations
  1217 | D:1      | Reached skill level 1 in Fire Magic
  1217 | D:1      | Reached skill level 1 in Ice Magic
  1217 | D:1      | Reached skill level 1 in Air Magic
  1217 | D:1      | Reached skill level 1 in Earth Magic
  1217 | D:1      | Reached skill level 1 in Poison Magic
  1217 | D:1      | Reached XP level 4. HP: 21/34 MP: 3/5
  1222 | D:1      | Killed from afar by a white imp

Illustrated notes

Levels and vault maps discovered:
D:1:      erik_arrival_cave_to_civilisation [erik_arrival_cave_to_temple],
          layout_basic, roderic_lattice_a, minmay_indecisive_spiral

Skill      XL: |  1  2  3 |
---------------+----------+-----
Short Blades   | 1 |  1.2
Long Blades    | 1 |  1.2
Axes           | 1 |  1.2
Maces & Flails | 1 |  1.2
Polearms       | 1 |  1.2
Staves         | 1 |  1.2
Ranged Weapons | 1 |  1.2
Throwing       | 1 |  1.2
Armour         | 1 |  1.2
Stealth        | 1 |  1.2
Shields        | 1 |  1.2
Spellcasting   | 1 |  1.2
Invocations    | 1 |  1.3
Evocations     | 1 |  1.2
Conjurations   | 1 |  1.0
Hexes          | 1 |  1.0
Summonings     | 1 |  1.0
Necromancy     | 1 |  1.0
Translocations | 1 |  1.0
Transmutations | 1 |  1.0
Fire Magic     | 1 |  1.0
Ice Magic      | 1 |  1.0
Air Magic      | 1 |  1.0
Earth Magic    | 1 |  1.0
Poison Magic   | 1 |  1.0
Fighting       | |  2.8
Dodging        | |  4.6
Unarmed Combat | |  6.6
Shapeshifting  | |  6.5

Action                     |  1- 3 |  4- 6 || total
---------------------------+-------+-------++-------
  Melee: Unarmed           |    77 |     5 ||    82
         Bite              |     7 |       ||     7
 Armour: Animal skin       |    15 |     1 ||    16
  Dodge: Dodged            |    70 |     4 ||    74
   Form: Flux              |     1 |       ||     1

Table legend: (Time is in decaauts)
 A = Elapsed time spent in this place.
 B = Non-inter-level travel time spent in this place.
 C = Inter-level travel time spent in this place.
 D = Time resting spent in this place.
 E = Time spent auto-exploring this place.
 F = Levels seen in this place.
 G = Mean time per level.
                   A        B        C        D        E       F      G
               +--------+--------+--------+--------+--------+-----+--------+
         Total |   1212 |   1212 |      0 |      0 |   1058 |   1 | 1212.0 |
       Dungeon |   1212 |   1212 |      0 |      0 |   1058 |   1 | 1212.0 |
               +--------+--------+--------+--------+--------+-----+--------+

Top non-repeatable levels by time:
     D:1: 1212 daAuts
